 Dungeon Crawl Stone Soup version 0.28-a0-479-g5baa6b73be (webtiles) character file.

Game seed: 86350045217210056

911 AttackTheMoon the Magician (level 8, -1/57 HPs)
             Began as a Gnoll Hedge Wizard on Sept 18, 2021.
             Was an Initiate of Ashenzari.
             Splashed by a jelly's acid (10 damage)
             ... on level 5 of the Dungeon.
             The game lasted 00:08:52 (6820 turns).

AttackTheMoon the Magician (Gnoll Hedge Wizard)     Turns: 6820, Time: 00:08:52

Health: -1/57      AC: -4    Str:  9    XL:     8   Next: 8%
Magic:  26/28      EV: 13    Int: 21    God:    Ashenzari [......]
Gold:   271        SH:  0    Dex: 11    Spells: 10/22 levels left

rFire   . . .      SeeInvis .   t - +6 war axe of the Countless Teeth {vorpal, rPois Int+4}
rCold   . . .      Faith    .   (no shield)
rNeg    . . .      Spirit   .   b - +0 robe
rPois   +          Reflect  .   s - +0 helmet
rElec   .          Harm     .   (no cloak)
rCorr   .          Rampage  .   (no gloves)
Will    .....                   (no boots)
Stlth   +++.......              (no amulet)
HPRegen 0.19/turn               i - ring of magical power
MPRegen 0.21/turn               (no ring)

@: corroded
A: fangs 1, strong nose, distributed training
a: Renounce Religion


You were on level 5 of the Dungeon.
You worshipped Ashenzari.
Ashenzari was noncommittal.
You visited 2 branches of the dungeon, and saw 7 of its levels.

You collected 271 gold pieces.

Inventory:

Hand Weapons
 a - a +0 dagger
 m - a +2 whip of electrocution
 q - a +2 short sword of draining
 t - the +6 war axe of the Countless Teeth (weapon) {vorpal, rPois Int+4}
   (You found it on level 5 of the Dungeon)

   It inflicts extra damage upon your enemies.
   Int:       It affects your intelligence (+4).
   rPois:     It protects you from poison.
Armour
 b - a +0 robe (worn)
 c - a +0 hat
 s - a +0 helmet (worn)
 u - a +0 kite shield
Jewellery
 g - an amulet of faith
 i - a ring of magical power (left hand)
Scrolls
 d - a scroll of amnesia
 f - 2 scrolls of teleportation
 n - 2 scrolls of identify
 o - 2 scrolls of blinking
Potions
 e - 4 potions of resistance
 h - a potion of might
 j - 2 potions of lignification
 k - a potion of haste
 l - 2 potions of curing
 p - 2 potions of flight
 r - a potion of ambrosia
 v - a potion of attraction


   Skills:
 + Level 2.9 Fighting
 + Level 2.9 Short Blades
 + Level 2.9 Long Blades
 + Level 2.9 Axes
 + Level 2.9 Maces & Flails
 + Level 2.9 Polearms
 + Level 2.9 Staves
 + Level 2.9 Slings
 + Level 2.9 Bows
 + Level 2.9 Crossbows
 + Level 2.9 Throwing
 + Level 2.9 Armour
 + Level 5.5 Dodging
 + Level 5.1 Stealth
 + Level 2.9 Shields
 + Level 2.9 Unarmed Combat
 + Level 7.8 Spellcasting
 + Level 3.2 Conjurations
 + Level 2.3 Hexes
 + Level 3.2 Summonings
 + Level 2.3 Necromancy
 + Level 3.2 Translocations
 + Level 2.3 Transmutations
 + Level 2.3 Fire Magic
 + Level 2.3 Ice Magic
 + Level 2.3 Air Magic
 + Level 2.3 Earth Magic
 + Level 2.3 Poison Magic
 + Level 3.2 Invocations
 + Level 2.9 Evocations


You had 10 spell levels left.
You knew the following spells:

 Your Spells              Type           Power      Damage    Failure   Level
a - Magic Dart            Conj           84%        1d7       2%          1
b - Blink                 Tloc           N/A        N/A       3%          2
c - Call Imp              Summ           21%        N/A       3%          2
d - Call Canine Familiar  Summ           21%        N/A       6%          3
e - Summon Guardian Gole  Hex/Summ       20%        N/A       8%          3
f - Summon Small Mammal   Summ           84%        N/A       2%          1

Your spell library contained the following spells:

 Spells                   Type           Power      Damage    Failure   Level
 Sandblast                Erth           36%        2d10      3%          1
 Passwall                 Tmut/Erth      15%        N/A       4%          2
 Slow                     Hex            18%        N/A       4%          2
 Conjure Flame            Conj/Fire      20%        6-21      8%          3
 Stone Arrow              Conj/Erth      40%        3d9       8%          3
 Mephitic Cloud           Conj/Pois/Air  19%        N/A       9%          3


Dungeon Overview and Level Annotations

Branches:
Dungeon (6/15)             Temple (1/1) D:5

Altars:
Ashenzari
Cheibriados
Dithmenos
Elyvilon
Fedhas
Hepliaklqana
Kikubaaqudgha
Makhleb
Nemelex Xobeh
Okawaru
Ru
Sif Muna
Vehumet
Wu Jian
Xom
Yredelemnul
Zin
The Shining One

Shops:
D:2 [


Innate Abilities, Weirdness & Mutations

You have very sharp teeth.
Your uncanny sense of smell can sniff out nearby items.
Your experience applies equally to all skills.


Message History

Found a book of Callings.
Found a scroll of vulnerability.
Found a stone staircase leading up.
You hear a distant slurping noise.
An iguana comes into view.
The iguana hisses angrily.
A jelly and a white imp come into view.
The white imp shouts!
You hit the iguana but do no damage. Your bite misses the iguana.
The iguana bites you but does no damage.
The iguana bites you!
You slash the iguana!
The iguana is severely wounded.
The iguana barely misses you.
There is a stone staircase leading up here.
The jelly hits you. The acid corrodes you!
You are splashed with acid.
The iguana barely misses you.
You climb upwards.
There is a stone staircase leading down here.
Unknown command.
Casting: Summon Guardian Golem (dangerous; 8% risk of failure)
Confirm with . or Enter, or press ? or * to list all spells.
The jelly hits you.
You are splashed with acid!
The iguana barely misses you.
You swap places.
Your hound bites the iguana.
The iguana bites your hound!
You barely miss the jelly.
Your hound bites the iguana but does no damage.
The jelly hits you.
You are splashed with acid!
* * * LOW HITPOINT WARNING * * *
The iguana bites your hound!
Your hound dies!
Your hound's corpse disappears in a puff of smoke!
The iguana hisses angrily.
The jelly hits you.
* * * LOW HITPOINT WARNING * * *
You are splashed with acid!
* * * LOW HITPOINT WARNING * * *
The jelly hits you.
* * * LOW HITPOINT WARNING * * *
The acid corrodes you!
You are splashed with acid!
You die...

#....#.#####.#.#.
#..###.# #.##.#
#......# #.....
##§##### #######
##>.########......
#§§.....#.....##.#
#l.####.#.....#...
#J.####.#........#
#@...##.#.....##.#
#.##.##.#......†..
#.##.##.##########
#.......#
####.#### #.#
#.####### #
#.......# #
#.#####.#######


You could see an iguana and a jelly.

Vanquished Creatures
  A centaur (D:5)
  A kobold brigand (D:4)
  A howler monkey (D:4)
  2 hounds (D:4)
  2 jellies
  An orc priest (D:5)
  Jessica (D:2)
  2 iguanas (D:5)
  An orc wizard (D:4)
  A scorpion zombie (D:5)
  A hound zombie (D:5)
  A hound skeleton (D:5)
  2 gnolls
  5 adders
  An ufetubus (D:5)
  4 orcs
  6 ball pythons
  2 bats
  8 endoplasms
  3 giant cockroaches
  7 goblins
  6 hobgoblins
  7 jackals (D:4)
  7 kobolds
  6 quokkas
  3 frilled lizards
  7 rats
89 creatures vanquished.

Vanquished Creatures (collateral kills)
  A phantom (D:5)
  A water moccasin zombie (D:5)
  A jelly (D:4)
  An iguana (D:3)
  5 gnolls
  6 orcs (D:4)
15 creatures vanquished.

Vanquished Creatures (others)
  3 gnolls (D:4)
  2 plants (D:4)
5 creatures vanquished.

Grand Total: 109 creatures vanquished

Notes
Turn   | Place    | Note
-------+----------+-------------------------------------------
     0 | D:1      | AttackTheMoon the Gnoll Hedge Wizard began the quest for
                  | the Orb.
     0 | D:1      | Reached XP level 1. HP: 13/13 MP: 8/8
   239 | D:1      | Reached XP level 2. HP: 19/19 MP: 7/10
   242 | D:1      | Learned a level 2 spell: Blink
   245 | D:1      | Learned a level 2 spell: Call Imp
   810 | D:1      | Reached XP level 3. HP: 25/25 MP: 9/11
  1139 | D:2      | You fall into a shaft and drop 2 floors!
  1145 | D:4      | Reached skill level 1 in Fighting
  1145 | D:4      | Reached skill level 1 in Short Blades
  1145 | D:4      | Reached skill level 1 in Long Blades
  1145 | D:4      | Reached skill level 1 in Axes
  1145 | D:4      | Reached skill level 1 in Maces & Flails
  1145 | D:4      | Reached skill level 1 in Polearms
  1145 | D:4      | Reached skill level 1 in Staves
  1145 | D:4      | Reached skill level 1 in Slings
  1145 | D:4      | Reached skill level 1 in Bows
  1145 | D:4      | Reached skill level 1 in Crossbows
  1145 | D:4      | Reached skill level 1 in Throwing
  1145 | D:4      | Reached skill level 1 in Armour
  1145 | D:4      | Reached skill level 1 in Shields
  1145 | D:4      | Reached skill level 1 in Unarmed Combat
  1145 | D:4      | Reached skill level 1 in Invocations
  1145 | D:4      | Reached skill level 1 in Evocations
  1145 | D:4      | Reached XP level 4. HP: 32/32 MP: 5/13
  1149 | D:4      | Reached skill level 1 in Hexes
  1149 | D:4      | Reached skill level 1 in Necromancy
  1149 | D:4      | Reached skill level 1 in Transmutations
  1149 | D:4      | Reached skill level 1 in Fire Magic
  1149 | D:4      | Reached skill level 1 in Ice Magic
  1149 | D:4      | Reached skill level 1 in Air Magic
  1149 | D:4      | Reached skill level 1 in Earth Magic
  1149 | D:4      | Reached skill level 1 in Poison Magic
  1154 | D:4      | Reached XP level 5. HP: 11/37 MP: 1/14
  1670 | D:3      | Learned a level 3 spell: Call Canine Familiar
  2317 | D:2      | Found Wipte's Antique Armour Emporium.
  2832 | D:2      | Noticed Jessica
  2837 | D:2      | Killed Jessica
  2838 | D:2      | Reached XP level 6. HP: 44/44 MP: 16/16
  3263 | D:3      | Learned a level 3 spell: Summon Guardian Golem
  3265 | D:3      | Learned a level 1 spell: Summon Small Mammal
  4180 | D:4      | Reached skill level 5 in Dodging
  4555 | D:4      | Reached XP level 7. HP: 42/50 MP: 18/18
  5087 | D:5      | Entered Level 5 of the Dungeon
  5258 | D:5      | Reached skill level 5 in Stealth
  5679 | D:5      | Identified the +6 war axe of the Countless Teeth {vorpal,
                  | rPois Int+4}
  5830 | D:5      | Reached XP level 8. HP: 52/57 MP: 19/19
  6265 | D:5      | Found a staircase to the Ecumenical Temple.
  6275 | Temple   | Entered the Ecumenical Temple
  6585 | Temple   | Became a worshipper of Ashenzari the Shackled
  6820 | D:5      | Splashed by a jelly's acid

Illustrated notes

Levels and vault maps discovered:
D:1:      dpeg_arrival_triangle_fractal, layout_loops_ring
D:2:      layout_rooms, serial_shops, shop, uniq_jessica
D:3:      layout_basic
D:4:      lemuel_castle_with_subvaults [lemuel_castle_interior_carwin_3],
          layout_rooms, grunt_ministairs_10
D:5:      layout_loops_cross, temple_green, lemuel_flame_loot_1
D:6:      layout_basic
Temple:   hc_temple_tempest_star

Skill      XL: |  1  2  3  4  5  6  7 |
---------------+----------------------+-----
Conjurations   | 2 3 |  3.2
Summonings     | 2 3 |  3.2
Translocations | 2 3 |  3.2
Fighting       | 1 2 |  2.9
Short Blades   | 1 2 |  2.9
Long Blades    | 1 2 |  2.9
Axes           | 1 2 |  2.9
Maces & Flails | 1 2 |  2.9
Polearms       | 1 2 |  2.9
Staves         | 1 2 |  2.9
Slings         | 1 2 |  2.9
Bows           | 1 2 |  2.9
Crossbows      | 1 2 |  2.9
Throwing       | 1 2 |  2.9
Armour         | 1 2 |  2.9
Shields        | 1 2 |  2.9
Unarmed Combat | 1 2 |  2.9
Invocations    | 1 2 3 |  3.2
Evocations     | 1 2 |  2.9
Hexes          | 1 2 |  2.3
Necromancy     | 1 2 |  2.3
Transmutations | 1 2 |  2.3
Fire Magic     | 1 2 |  2.3
Ice Magic      | 1 2 |  2.3
Air Magic      | 1 2 |  2.3
Earth Magic    | 1 2 |  2.3
Poison Magic   | 1 2 |  2.3
Dodging        | 5 |  5.5
Stealth        | 5 |  5.1
Spellcasting   | |  7.8

Action                   |  1- 3 |  4- 6 |  7- 9 || total
-------------------------+-------+-------+-------++-------
Melee: Dagger            |     6 |     5 |       ||    11
       Bite              |     1 |     1 |     5 ||     7
       Whip              |       |       |    37 ||    37
       War axe           |       |       |    18 ||    18
 Cast: Magic Dart        |    51 |   179 |     6 ||   236
       Call Imp          |     1 |     2 |     5 ||     8
       Call Canine Famil |       |     3 |     8 ||    11
       Summon Guardian G |       |       |     6 ||     6
       Summon Small Mamm |       |       |     2 ||     2
  Use: Scroll            |       |     3 |     1 ||     4
 Stab: Sleeping          |       |       |     4 ||     4
       Distracted        |       |       |     1 ||     1
Armor: Robe              |     1 |     3 |     9 ||    13
Dodge: Dodged            |    10 |    35 |    47 ||    92

Table legend: (Time is in decaauts)
 A = Elapsed time spent in this place.
 B = Non-inter-level travel time spent in this place.
 C = Inter-level travel time spent in this place.
 D = Time resting spent in this place.
 E = Time spent auto-exploring this place.
 F = Levels seen in this place.
 G = Mean time per level.
                   A        B        C        D        E       F      G
               +--------+--------+--------+--------+--------+-----+--------+
         Total |   6826 |   6669 |    157 |   1487 |   4311 |   7 |  975.1 |
       Dungeon |   6503 |   6383 |    120 |   1487 |   4039 |   6 | 1083.8 |
        Temple |    323 |    286 |     37 |      0 |    272 |   1 |  323.0 |
               +--------+--------+--------+--------+--------+-----+--------+

Top non-repeatable levels by time:
     D:3: 1649 daAuts
     D:4: 1503 daAuts
     D:5: 1357 daAuts
     D:1: 1125 daAuts
     D:2: 810 daAuts
  Temple: 323 daAuts
     D:6: 57 daAuts
